 Dungeon Crawl Stone Soup version 0.27-a0-457-gba82baf56e (webtiles) character file.

Game seed: 8574774318402022611

69 Chiseanne the Skirmisher (level 4, 5/35 HPs)
             Began as a Demonspawn Wanderer on Feb 28, 2021.
             Quit the game on level 2 of the Dungeon.
             The game lasted 00:02:03 (1695 turns).

Chiseanne the Skirmisher (Demonspawn Wanderer)      Turns: 1695, Time: 00:02:04

Health: 5/35       AC:  5    Str: 17    XL:     4   Next: 2%
Magic:  4/4        EV: 11    Int: 11    God:
Gold:   55         SH:  0    Dex: 11    Spells: 3/3 levels left

rFire    . . .     SeeInvis .   a - +2 dagger
rCold    . . .     Faith    .   (no shield)
rNeg     . . .     Spirit   .   m - +0 ring mail
rPois    .         Reflect  .   (no helmet)
rElec    .         Harm     .   (no cloak)
rCorr    .         Rampage  .   (no gloves)
Will     .....                  (no boots)
Stlth    +.........             (no amulet)
HPRegen  0.11/turn              (no ring)
MPRegen  0.09/turn              (no ring)

@: no status effects
A: claws 1, demonic guardian 2
a: no special abilities


You were on level 2 of the Dungeon.
You visited 1 branch of the dungeon, and saw 2 of its levels.

You collected 55 gold pieces.

Inventory:

Hand Weapons
 a - a +2 dagger (weapon)
 c - a +0 falchion
Missiles
 f - 59 stones (quivered)
 h - 16 bolts
 j - 19 sling bullets
 k - 17 poisoned darts
Armour
 m - a +0 ring mail (worn)
Jewellery
 q - a ring of ice
Scrolls
 b - a scroll of blinking
 d - 4 scrolls of teleportation
 g - a scroll of amnesia {unknown}
 l - a scroll of magic mapping {unknown}
 o - 2 scrolls of identify {unknown}
 p - 3 scrolls of enchant armour {unknown}
Potions
 e - a potion of heal wounds {unknown}
 i - a potion of attraction {unknown}
 n - a potion of might {unknown}


   Skills:
 * Level 3.1 Fighting
 - Level 1.7 Long Blades
 * Level 2.2 Armour
 * Level 2.3 Dodging
 - Level 1.7 Stealth
 - Level 1.0 Evocations


You had 3 spell levels left.
You didn't know any spells.
Your spell library was empty.

Dungeon Overview and Level Annotations

Branches:
Dungeon (2/15)

Altars:
Cheibriados


Innate Abilities, Weirdness & Mutations

You have sharp fingernails.
A demonic guardian rushes to your aid.


Message History

You are too injured to fight recklessly!
You are too injured to fight recklessly!
You are too injured to fight recklessly!
You are too injured to fight recklessly!
You are too injured to fight recklessly!
You are too injured to fight recklessly!
Okay, then.
Blink to where?
Press: ? - help, Dir - move target
As you read the scroll of blinking, it crumbles to dust.
What are your orders? t - Shout!
Orders for allies: a - Attack new target. r - Retreat! s - Stop attacking. g - Guard the area. f - Follow me.
Anything else - Cancel.
Gang up on whom?
Press: ? - help, Dir - move target, f - you
Okay, then.
What are your orders? t - Shout!
Orders for allies: a - Attack new target. r - Retreat! s - Stop attacking. g - Guard the area. f - Follow me.
Anything else - Cancel.
Gang up on whom?
Press: ? - help, Dir - move target, f - gnoll
Aim: a gnoll, wielding a +0 halberd and quivering a throwing net (lightly wounded, ally target) Attack!
The gnoll throws a throwing net.
The throwing net hits you.
You become entangled in the net!
You tear a large gash into the net.
Your ice devil hits the gnoll!
The gnoll dies!
You struggle against the net.
Your ice devil hits the gnoll!
Your ice devil freezes the gnoll!
The gnoll dies!
You have reached level 4!
You feel stronger.
Your demonic ancestry asserts itself...
Your fingernails lengthen.
You rip the net and break free!
Are you sure you want to abandon this character and quit the game? (Confirm with "yes".)

#.#.#.####
#g.).....#
#####)4##.#
#.....!.#
#.####>.# #.# #..#
#.# #..# # #.#
#..# ## #.####.@#
.#########.......#
.................#
.#.#############.#
.#.# ### ##.# #.#
#.# ##.#


You could see a friendly ice devil (summoned).

Vanquished Creatures
  A gnoll (D:2)
  An adder (D:2)
  2 leopard geckos (D:2)
  3 giant cockroaches
  5 goblins
  3 hobgoblins (D:1)
  5 jackals
  3 kobolds (D:1)
  3 bats
  3 frilled lizards
  6 rats
35 creatures vanquished.

Vanquished Creatures (collateral kills)
  2 gnolls (D:2)
  A hobgoblin (D:1)
  A jackal (D:1)
4 creatures vanquished.

Grand Total: 39 creatures vanquished

Notes
Turn   | Place    | Note
-------+----------+-------------------------------------------
     0 | D:1      | Chiseanne the Demonspawn Wanderer began the quest for the
                  | Orb.
     0 | D:1      | Chiseanne set off with the following items: a +2 dagger, a
                  | scroll of blinking, a +0 falchion, a scroll of
                  | teleportation, a +0 robe
     0 | D:1      | Reached XP level 1. HP: 16/16 MP: 1/1
   381 | D:1      | Gained mutation: A weak demonic guardian rushes to your
                  | aid. [demonic ancestry]
   381 | D:1      | Reached XP level 2. HP: 23/23 MP: 2/2
  1137 | D:2      | Gained mutation: A demonic guardian rushes to your aid.
                  | [demonic ancestry]
  1137 | D:2      | Reached XP level 3. HP: 25/28 MP: 3/3
  1313 | D:2      | Found a snail-covered altar of Cheibriados.
  1527 | D:2      | Reached skill level 3 in Fighting
  1694 | D:2      | Gained mutation: You have sharp fingernails. [demonic
                  | ancestry]
  1694 | D:2      | Reached XP level 4. HP: 4/35 MP: 4/4
  1695 | D:2      | Quit the game

Illustrated notes

Levels and vault maps discovered:
D:1:      dpeg_arrival_prison, layout_loops_ring, ebering_dispersal_statue_hall,
          minivault_19
D:2:      layout_basic, old_standard_altar, cheibriados_altar_1,
          minmay_misc_feat_pillars

Skill      XL: |  1  2  3 |
---------------+----------+-----
Dodging        | 2 |  2.3
Armour         | 2 |  2.2
Fighting       | 3 |  3.1
Long Blades    | |  1.7
Stealth        | |  1.7
Evocations     | |  1.0

Action                   |  1- 3 |  4- 6 || total
-------------------------+-------+-------++-------
Melee: Dagger            |   118 |       ||   118
  Use: Scroll            |     1 |       ||     1
 Stab: Sleeping          |     4 |       ||     4
Armor: Robe              |    10 |       ||    10
       Ring mail         |    13 |       ||    13
Dodge: Dodged            |    58 |       ||    58

Table legend: (Time is in decaauts)
 A = Elapsed time spent in this place.
 B = Non-inter-level travel time spent in this place.
 C = Inter-level travel time spent in this place.
 D = Time resting spent in this place.
 E = Time spent auto-exploring this place.
 F = Levels seen in this place.
 G = Mean time per level.
                   A        B        C        D        E       F      G
               +--------+--------+--------+--------+--------+-----+--------+
         Total |   1689 |   1679 |     10 |    152 |   1279 |   2 |  844.5 |
       Dungeon |   1689 |   1679 |     10 |    152 |   1279 |   2 |  844.5 |
               +--------+--------+--------+--------+--------+-----+--------+

Top non-repeatable levels by time:
     D:1: 1126 daAuts
     D:2: 563 daAuts
